 Dungeon Crawl Stone Soup version 0.16-a0-3389-g45633df (webtiles) character file.

31984 4tharraofdagon the Brawler (level 13, -3/111 HPs)
             Began as a Troll Ice Elementalist on Dec 30, 2014.
             Was a High Priest of Yredelemnul.
             Slain by a blink frog (14 damage)
             ... on level 8 of the Lair of Beasts.
             The game lasted 01:07:52 (9016 turns).

4tharraofdagon the Brawler (Troll Ice Elementalist) Turns: 9016, Time: 01:07:52

Health: -3/111     AC: 13    Str: 20    XL:     13   Next: 28%
Magic:  15/16      EV: 10    Int: 14    God:    Yredelemnul [*****.]
Gold:   1078       SH:  0    Dex: 10    Spells: 1 memorised, 13 levels left

rFire  + + .     SeeInvis .       - Unarmed
rCold  . . .     Clarity  .     C - +2 robe {MR+}
rNeg   . . .     SustAb   .     (shield restricted)
rPois  .         Gourm    +     (helmet restricted)
rElec  .         Spirit   .     p - +0 cloak
rCorr  .         Warding  .     (gloves unavailable)
rMut   +         Stasis   .     (boots unavailable)
MR     +....                    a - amulet "Duazovoo" {rMut rF++}
Stlth  ++........               U - +5 ring of protection
                                q - ring of stealth

@: somewhat resistant to hostile enchantments, unstealthy
A: unfitting armour, claws 3, horns 1, fast metabolism 3, gourmand, regeneration
2, screaming 1, shaggy fur 1, tough skin 2, MP-powered wands 1
a: Animate Dead, Recall Undead Slaves, Injury Mirror, Drain Life, Enslave Soul,
Renounce Religion


You were on level 8 of the Lair of Beasts.
You worshipped Yredelemnul.
Yredelemnul was extremely pleased with you.
You were full.

You visited 2 branches of the dungeon, and saw 21 of its levels.
You also visited: Volcano.

You collected 1078 gold pieces.

Inventory:

Hand weapons
 J - a +0 blowgun
Missiles
 B - 5 large rocks (quivered)
 I - a curare-tipped needle
Armour
 p - a +0 cloak (worn)
 C - a +2 robe of magic resistance (worn)
 G - a +1 robe of cold resistance
Magical staves
 R - an uncursed staff of death
Rods
 V - a +0 rod of the swarm (9/9)
   (You found it on level 4 of the Lair of Beasts)
Jewellery
 a - the amulet "Duazovoo" (around neck) {rMut rF++}
   (You found it on level 7 of the Lair of Beasts)

   [amulet of resist mutation]

   It protects you from mutation.
   It greatly protects you from fire.
 q - a ring of stealth (left claw)
 y - an uncursed amulet of the gourmand
 A - an uncursed ring of fire
 F - an uncursed amulet of resist corrosion
 N - an uncursed amulet of inaccuracy
 U - a +5 ring of protection (right claw)
 Y - an uncursed ring of sustain abilities
Magical devices
 m - a wand of confusion (22)
 n - a wand of digging (19)
 w - a wand of fire (6)
 H - a wand of flame (29)
 K - a wand of cold (0)
 M - a wand of random effects (20)
 W - a wand of magic darts (19)
Scrolls
 h - 5 scrolls of remove curse
 o - 3 scrolls of amnesia
 r - 2 scrolls of teleportation
 s - a scroll of recharging
 T - 3 scrolls of blinking
 Z - a scroll of enchant armour
Potions
 e - a potion of lignification
 k - a potion of haste
 l - 2 potions of curing
 t - a potion of heal wounds
 u - 2 potions of restore abilities
 v - a potion of beneficial mutation
 x - 3 potions of berserk rage
 z - a potion of poison
 D - a potion of cancellation
 E - a potion of ambrosia
 L - 3 potions of brilliance
 O - a potion of invisibility
 P - a potion of degeneration {unknown}
 S - 2 potions of flight
Books
 b - a book of Frost

   Spells                             Type                      Level
   a - Freeze                         Ice                          1
   b - Throw Frost                    Conjuration/Ice              2
   c - Ozocubu's Armour               Charms/Ice                   3
   d - Throw Icicle                   Conjuration/Ice              4
   e - Summon Ice Beast               Ice/Summoning                4
   f - Condensation Shield            Ice                          4
 f - a book of Conjurations

   Spells                             Type                      Level
   a - Magic Dart                     Conjuration                  1
   b - Searing Ray                    Conjuration                  2
   c - Dazzling Spray                 Conjuration/Hexes            3
   d - Fulminant Prism                Conjuration/Hexes            4
   e - Iskenderun's Mystic Blast      Conjuration                  4
   f - Iskenderun's Battlesphere      Conjuration/Charms           5
Miscellaneous
 Q - a phantom mirror
Comestibles
 c - 8 meat rations
 d - a royal jelly
 g - 7 fruits
 i - a slice of pizza
 j - 6 bread rations


   Skills:
 - Level 3.2 Fighting
 - Level 3.0 Dodging
 - Level 1.1 Stealth
 * Level 19.6 Unarmed Combat
 - Level 1.2 Spellcasting
   Level 0.6 Conjurations
 - Level 2.1 Ice Magic
 - Level 5.3 Invocations


You had 13 spell levels left.
You knew the following spells:

 Your Spells              Type           Power        Failure   Level  Hunger
a - Freeze                Ice            #...         12%         1    ##.....


Dungeon Overview and Level Annotations

Branches:
Dungeon (13/15)            Temple (0/1) D:6            Lair (8/8) D:11
 Shoals (0/5) Lair:3       Spider (0/5) Lair:3        Slime (0/6) Lair:6
    Orc (0/4) D:10         Vaults (0/5) D:13

Altars:
Ashenzari
Elyvilon
Fedhas
Gozag
Kikubaaqudgha
Okawaru
Qazlal
Sif Muna
Vehumet
Yredelemnul
The Shining One
Jiyva

Shops:
D:6 %

Annotations:
D:9 4tharraofdagon's ghost, experienced DrCK
Lair:8 Snorg


Innate Abilities, Weirdness & Mutations

You are too large for most types of armour.
You have claws for hands.
Your metabolism is lightning-fast.
You like to eat raw meat.
You heal very quickly.
You are covered in fur (AC +1).
You have very tough skin (AC +2).
You have a pair of small horns on your head.
You occasionally shout uncontrollably at your foes.
You expend magic power (3 MP) to slightly strengthen your wands.


Message History

Your giant frog zombie hits the blink frog.
The blink frog dies!
Yredelemnul accepts your kill.
The blink frog closely misses your giant frog zombie.
Your giant frog zombie closely misses the blink frog.
Unknown command.
Your giant frog zombie misses the blink frog.
The blink frog hits your giant frog zombie!
Your giant frog zombie is destroyed!
Your giant frog zombie completely misses the blink frog.
Your giant frog zombie closely misses the blink frog.
Unknown command.
The blink frog momentarily phases out as your attack passes through it.
Your claw misses the blink frog.
The blink frog is heavily wounded.
Your giant frog zombie hits the blink frog.
Your giant frog zombie misses the blink frog.
The blink frog hits you!
You die...
Your body rises from the dead as a mindless zombie.

######## ### ##.#.##.#
#####.## .P#
###...##..###...P.##
....P.#.#.Z..PP.......P...
P........@FZ†.............
...P.......PPPP..........P
...........PP............
........PP.P##..[PP......
.......PP.PPPP...........
..$.......P..P..........
.......................
P................P..P.
≈(.........P..PP...


You could see a blink frog and 2 friendly giant frog zombies.

Vanquished Creatures
  A mottled draconian (Volcano)
  A centaur warrior (D:11)
  An unseen horror (D:10)
  2 hill giants
  The ghost of archlich the Sneak, an experienced DsEn (D:11)
  5 spiny frogs
  A molten gargoyle (Volcano)
  A black mamba (Lair:7)
  3 trolls
  A boulder beetle (Lair:5)
  4 blink frogs
  A two-headed ogre (Volcano)
  2 basilisks
  2 wyverns (D:11)
  A deep elf mage (D:10)
  A vampire mosquito (Lair:8)
  29 yaks
  3 fire bats (Volcano)
  5 hippogriffs
  2 steam dragons
  5 wolves (Lair:3)
  Menkaure (D:7)
  6 porcupines
  8 water moccasins
  4 orc warriors
  3 ice beasts
  A necrophage (D:6)
  2 black bears
  6 crocodiles
  2 ogres
  2 phantoms
  4 centaurs
  11 giant frogs
  A scorpion (D:11)
  20 wights
  An electric eel (Lair:1)
  2 goliath beetles (D:6)
  A quasit (D:11)
  4 crimson imps
  A giant frog zombie (D:9)
  A lava snake (Volcano)
  A centaur zombie (D:8)
  A centaur skeleton (D:4)
  5 iguanas
  5 orc priests
  A giant frog skeleton (D:5)
  2 hell rats (D:11)
  3 jellies
  6 worker ants
  10 orc wizards
  Natasha (twice) (D:5)
  12 sheep
  A killer bee zombie (D:6)
  A hound zombie (D:8)
  4 gnolls (D:4)
  25 river rats
  16 adders
  A shadow imp (D:7)
  A worm (D:2)
  2 adder skeletons (D:4)
  3 giant geckos
  20 orcs
  11 bats
  A bat skeleton (D:7)
  5 giant cockroaches
  16 hobgoblins
  10 jackals
  9 kobolds
  10 quokkas
  A giant cockroach zombie (D:5)
  A giant gecko skeleton (D:5)
  7 giant newts
  16 goblins
  A kobold zombie (D:7)
  16 rats
  A ballistomycete (D:12)
  A fungus (Lair:2)
  2 plants
383 creatures vanquished.

Vanquished Creatures (collateral kills)
  2 hydras
  A death yak (Lair:7)
  A hill giant (D:10)
  An ugly thing (D:11)
  6 elephants (Lair:6)
  Joseph (Lair:1)
  6 komodo dragons
  A black mamba (Lair:4)
  A gargoyle (Volcano)
  6 spiny frogs
  A troll (D:11)
  A polar bear (Lair:6)
  11 blink frogs
  A basilisk (Lair:6)
  A wyvern (D:10)
  20 yaks
  A hippogriff (Lair:3)
  5 wolves (Lair:3)
  2 mottled dragons (D:11)
  2 water moccasins (Lair:6)
  An ice beast (D:8)
  An orc warrior (D:10)
  8 spiders (Lair:3)
  3 porcupines
  2 necrophages (D:10)
  2 crocodiles
  An ogre (D:10)
  3 centaurs (Lair:3)
  7 giant frogs
  2 wights (D:6)
  An electric eel (Lair:7)
  An orc wizard (D:10)
  A hound (Lair:7)
  4 iguanas
  13 sheep
  A worker ant (D:10)
  13 river rats
  2 adders
  A worm (Lair:7)
  5 orcs
  A kobold (D:10)
  4 quokkas
  2 fungi
  2 plants
152 creatures vanquished.

Vanquished Creatures (others)
  15 flying skulls
  A hill giant zombie (D:12)
  A wraith (Lair:7)
  A vampire mosquito zombie (Lair:8)
  2 wyvern zombies (D:11)
  A water moccasin zombie (Lair:6)
  7 yak zombies
  A hippogriff zombie (D:11)
  A wight (Lair:5)
  A centaur zombie (Volcano)
  A two-headed ogre zombie (Volcano)
  3 giant frog zombies
  A mottled dragon zombie (D:11)
  3 mummies
  A goliath beetle zombie (D:6)
  An adder zombie (D:11)
  2 iguana zombies
  3 orcs (D:11)
  2 giant spores
  A goblin zombie (D:7)
  4 orc zombies
  A quokka zombie (D:6)
  11 river rat zombies
  3 fungi
  6 plants
74 creatures vanquished.

Grand Total: 609 creatures vanquished

Notes
Turn   | Place    | Note
--------------------------------------------------------------
     0 | D:1      | 4tharraofdagon, the Troll Ice Elementalist, began the quest for the Orb.
     0 | D:1      | Reached XP level 1. HP: 16/16 MP: 2/2
   176 | D:1      | Reached XP level 2. HP: 23/26 MP: 2/2
   298 | D:1      | Reached skill level 1 in Unarmed Combat
   359 | D:2      | Reached skill level 1 in Fighting
   397 | D:2      | Reached XP level 3. HP: 31/33 MP: 3/3
   571 | D:2      | Found a stormy altar of Qazlal.
   573 | D:2      | Found a shattered altar of Ashenzari.
   575 | D:2      | Found a white marble altar of Elyvilon.
   575 | D:2      | Found a deep blue altar of Sif Muna.
   576 | D:2      | Found a basalt altar of Yredelemnul.
   576 | D:2      | Found a radiant altar of Vehumet.
   576 | D:2      | Found an iron altar of Okawaru.
   598 | D:2      | Became a worshipper of Yredelemnul the Dark
   607 | D:2      | Reached XP level 4. HP: 39/41 MP: 4/4
   848 | D:3      | Noticed an ice beast
  1293 | D:3      | Reached skill level 3 in Unarmed Combat
  1293 | D:3      | Reached XP level 5. HP: 46/49 MP: 4/4
  1356 | D:3      | Acquired Yredelemnul's first power
  1356 | D:3      | Reached skill level 1 in Invocations
  1526 | D:4      | Reached XP level 6. HP: 33/57 MP: 5/5
  1698 | D:5      | Entered Level 5 of the Dungeon
  1716 | D:5      | Reached skill level 4 in Unarmed Combat
  1873 | D:5      | Noticed Natasha
  1885 | D:5      | Killed Natasha
  1901 | D:5      | Reached XP level 7. HP: 55/66 MP: 5/5
  1925 | D:5      | Reached skill level 5 in Unarmed Combat
  1979 | D:5      | Noticed Natasha
  1989 | D:5      | Killed Natasha
  2148 | D:6      | Acquired Yredelemnul's second power
  2213 | D:6      | Found Meogam's Food Emporium.
  2213 | D:6      | Found a staircase to the Ecumenical Temple.
  2345 | D:6      | Reached skill level 6 in Unarmed Combat
  2395 | D:6      | Reached XP level 8. HP: 45/75 MP: 8/8
  2589 | D:6      | Reached skill level 7 in Unarmed Combat
  3013 | D:7      | Reached skill level 8 in Unarmed Combat
  3038 | D:7      | Found an ancient bone altar of Kikubaaqudgha.
  3074 | D:7      | Found a blossoming altar of Fedhas.
  3090 | D:7      | Noticed Menkaure
  3096 | D:7      | Killed Menkaure
  3265 | D:8      | Reached skill level 5 in Invocations
  3265 | D:8      | Reached XP level 9. HP: 28/83 MP: 12/12
  3349 | D:8      | Reached skill level 9 in Unarmed Combat
  3414 | D:8      | Acquired Yredelemnul's third power
  3467 | D:8      | Found a glowing golden altar of the Shining One.
  3688 | D:9      | Reached skill level 10 in Unarmed Combat
  3712 | D:9      | Found an opulent altar of Gozag.
  3805 | D:9      | Noticed 4tharraofdagon's ghost (experienced DrCK)
  3991 | D:9      | Gained mutation: You have a pair of small horns on your head. [potion of mutation]
  3991 | D:9      | Gained mutation: You expend magic power (3 MP) to slightly strengthen your wands. [potion of mutation]
  3991 | D:9      | Gained mutation: You occasionally shout uncontrollably at your foes. [potion of mutation]
  4185 | D:10     | Entered Level 10 of the Dungeon
  4202 | D:10     | Found a staircase to the Orcish Mines.
  4218 | D:10     | Reached skill level 11 in Unarmed Combat
  4314 | D:10     | Reached XP level 10. HP: 60/91 MP: 13/13
  4378 | D:10     | Reached skill level 12 in Unarmed Combat
  4447 | D:10     | Acquired Yredelemnul's fourth power
  4520 | D:11     | Found a staircase to the Lair.
  4573 | D:11     | Reached skill level 13 in Unarmed Combat
  4579 | D:11     | Received a gift from Yredelemnul
  4632 | D:11     | Noticed archlich's ghost (experienced DsEn)
  4685 | D:11     | Killed archlich's ghost
  4708 | D:11     | Noticed a centaur warrior
  4720 | D:11     | Noticed a white ugly thing
  4722 | D:11     | Noticed a brown ugly thing
  4728 | D:11     | Killed a centaur warrior
  4728 | D:11     | Reached skill level 14 in Unarmed Combat
  4794 | D:11     | Received a gift from Yredelemnul
  4818 | D:11     | Killed a brown ugly thing
  4818 | D:11     | Reached XP level 11. HP: 35/97 MP: 11/13
  4915 | D:10     | Killed a hill giant
  4960 | D:10     | Killed an unseen horror
  5107 | D:11     | Noticed a hill giant
  5118 | D:11     | Killed a hill giant
  5118 | D:11     | Reached skill level 15 in Unarmed Combat
  5437 | D:12     | Noticed a hill giant
  5456 | D:12     | Killed a hill giant
  5552 | D:12     | Found a radiant altar of Vehumet.
  5556 | D:12     | Noticed a hill giant
  5560 | D:12     | Acquired Yredelemnul's fifth power
  5604 | D:13     | Found a gate to the Vaults.
  5604 | D:13     | Noticed a vault guard
  5604 | D:13     | Noticed a vault guard
  5604 | D:13     | Noticed a vault guard
  5604 | D:13     | Noticed a vault guard
  5605 | D:13     | Noticed a vault guard
  5605 | D:13     | Noticed a vault guard
  5605 | D:13     | Noticed a vault guard
  5607 | D:13     | Noticed a vault guard
  5715 | Lair:1   | Entered Level 1 of the Lair of Beasts
  5813 | Lair:1   | Received a gift from Yredelemnul
  5932 | Lair:1   | Found a dark tunnel.
  5941 | Volcano  | Entered a volcano
  6069 | Volcano  | Found a burning altar of Makhleb.
  6070 | Volcano  | Noticed a mottled draconian
  6082 | Volcano  | Killed a mottled draconian
  6082 | Volcano  | Reached skill level 16 in Unarmed Combat
  6341 | Lair:1   | Received a gift from Yredelemnul
  6498 | Lair:1   | Noticed Joseph
  6511 | Lair:1   | Killed Joseph
  6511 | Lair:1   | Reached XP level 12. HP: 74/105 MP: 15/15
  6678 | Lair:2   | Reached skill level 17 in Unarmed Combat
  6767 | Lair:2   | Received a gift from Yredelemnul
  6872 | Lair:3   | Found a staircase to the Shoals.
  6977 | Lair:3   | Received a gift from Yredelemnul
  7057 | Lair:3   | Found a hole to the Spider Nest.
  7214 | Lair:3   | Received a gift from Yredelemnul
  7328 | Lair:4   | Reached skill level 18 in Unarmed Combat
  7494 | Lair:4   | Received a gift from Yredelemnul
  7548 | Lair:4   | Noticed a four-headed hydra
  7555 | Lair:4   | Killed a four-headed hydra
  7808 | Lair:5   | Received a gift from Yredelemnul
  7983 | Lair:6   | Found a viscous altar of Jiyva.
  7984 | Lair:6   | Noticed a five-headed hydra
  7984 | Lair:6   | Found a staircase to the Slime Pits.
  7993 | Lair:6   | Killed a five-headed hydra
  8081 | Lair:6   | Identified a +0 rod of the swarm (9/9) (You found it on level 4 of the Lair of Beasts)
  8114 | Lair:6   | Received a gift from Yredelemnul
  8119 | Lair:6   | Reached skill level 19 in Unarmed Combat
  8119 | Lair:6   | Reached XP level 13. HP: 32/111 MP: 3/16
  8456 | Lair:7   | Got a heavily runed iron amulet
  8458 | Lair:7   | Identified the amulet "Duazovoo" {rMut rF++} (You found it on level 7 of the Lair of Beasts)
  8481 | Lair:7   | Received a gift from Yredelemnul
  8708 | Lair:8   | Entered Level 8 of the Lair of Beasts
  8712 | Lair:8   | Noticed Snorg
  8739 | Lair:8   | HP: 4/111 [water moccasin (5)]
  9016 | Lair:8   | Slain by a blink frog

Action                   |  1- 3 |  4- 6 |  7- 9 | 10-12 | 13-15 || total
-------------------------+-------+-------+-------+-------+-------++-------
Melee: Unarmed           |   141 |   262 |   378 |   541 |    62 ||  1384
       Staff             |       |       |       |    11 |   118 ||   129
Throw: Large rock        |       |       |     4 |     2 |       ||     6
 Cast: Freeze            |       |     2 |       |       |     9 ||    11
Invok: Animate Remains   |       |       |    11 |       |       ||    11
       Animate Dead      |       |       |     2 |    30 |     6 ||    38
       Drain Life        |       |       |       |     7 |     3 ||    10
       Injury Mirror     |       |       |       |     2 |     1 ||     3
Evoke: Wand              |       |     1 |       |     6 |       ||     7
  Use: Potion            |     1 |       |     3 |     2 |     5 ||    11
       Scroll            |       |       |    10 |    17 |     4 ||    31
 Stab: Confused          |       |     4 |       |       |       ||     4
       Sleeping          |       |     1 |       |     2 |       ||     3
       Distracted        |       |       |       |     6 |     2 ||     8
  Eat: Chunk             |    11 |    12 |    24 |    39 |     8 ||    94

Vault maps used:
D:1:      eino_arrival_cavern_a
D:2:      grunt_temple_overflow_open, first_bread, minmay_strange_pillars
D:5:      uniq_natasha
D:6:      minmay_temple_entry_statues, serial_shops, nicolae_shop_trees,
          st_stairs_7, kennysheep_generic_room_8, uniq_duvessa
D:7:      kennysheep_little_box, basic_altar, serial_shops, shop_statue,
          uniq_menkaure
D:8:      kennysheep_mini, lemuel_doored_altar, serial_undead, serial_undead_c,
          serial_undead_b, serial_undead_c, serial_undead_a,
          hangedman_little_slice_of_home
D:9:      nicolae_gozag_cash_rules_everything_around_me, xom_shifter_show,
          grunt_dithmenos_smoke_and_mirrors
D:10:     orc_0_dummy
D:11:     dpeg_lair_monsters
D:12:     basic_altar, kennysheep_minor_cross, zaba_antful_of_joy
D:13:     erik_vaults_2, serial_shops, shop_fountains,
          hangedman_decor_peaks_small, grunt_ministairs_1
Lair:1:   nicolae_volcano_entry_two_sided, pond, serial_bayou_shore_a,
          infiniplex_staircase_pool, lemuel_fruit_fields, grunt_megastairs_1,
          uniq_joseph
Lair:3:   minmay_shoals_entry_centaurs, spider_nest_entry_a, grunt_megastairs_5
Lair:6:   slime_altar_1
Lair:7:   serial_bayou, serial_bayou_pond_d, serial_bayou_crossing,
          serial_bayou_pond_d, serial_bayou_lagoon_b, worms_lemuel,
          grunt_megastairs_4
Lair:8:   minmay_lair_end_frog_pond, portal_ice_cave_entry_animals_and_master,
          grunt_megastairs_2, uniq_snorg
Volcano:  volcano_lake
